 Dungeon Crawl Stone Soup version 0.28-a0-233-gb8ca4b6547 (webtiles) character file.

Game seed: 16912899925805086436

176 rabbitsville the Chiller (level 5, -11/42 HPs)
             Began as a Naga Ice Elementalist on Aug 22, 2021.
             Mangled by an ogre (15 damage)
             ... on level 4 of the Dungeon on Aug 23, 2021.
             The game lasted 00:34:17 (4213 turns).

rabbitsville the Chiller (Naga Ice Elementalist)    Turns: 4213, Time: 00:34:17

Health: -11/42     AC:  2    Str: 10    XL:     5   Next: 56%
Magic:  9/9        EV:  9    Int: 17    God:
Gold:   107        SH:  0    Dex: 11    Spells: 9/10 levels left

rFire   . . .      SeeInvis +   j - +0 battleaxe
rCold   . . .      Faith    .   (shield currently unavailable)
rNeg    + . .      Spirit   .   a - +0 robe
rPois   +          Reflect  .   (no helmet)
rElec   .          Harm     .   (no cloak)
rCorr   .          Rampage  .   (no gloves)
Will    .....                   (no barding)
Stlth   ++........              (no amulet)
HPRegen 0.14/turn               e - ring of positive energy
MPRegen 0.11/turn               (no ring)

@: very slow
A: AC +1, large, see invisible, deformed body, poison resistance, slowness 2,
spit poison 1, naga tail 1
a: Spit Poison


You were on level 4 of the Dungeon.
You visited 1 branch of the dungeon, and saw 4 of its levels.

You collected 107 gold pieces.

Inventory:

Hand Weapons
 c - a +0 dagger
 j - a +0 battleaxe (weapon)
Missiles
 b - 84 stones
 l - 9 poisoned darts (quivered)
Armour
 a - a +0 robe (worn)
Jewellery
 e - a ring of positive energy (left hand)
Wands
 m - a wand of paralysis (6)
Scrolls
 d - a scroll of fog {unknown}
 g - a scroll of enchant weapon {unknown}
 h - a scroll of summoning {unknown}
 i - a scroll of identify {unknown}
Potions
 f - a potion of berserk rage {unknown}
 k - a potion of curing {unknown}


   Skills:
 - Level 1.5 Dodging
 - Level 3.8 Stealth
 + Level 3.2 Spellcasting
 * Level 5.7 Ice Magic


You had 9 spell levels left.
You knew the following spells:

 Your Spells              Type           Power      Damage    Failure   Level
a - Freeze                Ice            88%        1d10      1%          1

Your spell library contained the following spells:

 Spells                   Type           Power      Damage    Failure   Level
 Frozen Ramparts          Ice            44%        1d6       4%          3
 Ozocubu's Armour         Ice            22%        N/A       4%          3
 Call Canine Familiar     Summ           2%         N/A       45%         3
 Portal Projectile        Hex/Tloc       4%         N/A       45%         3
 Hailstorm                Conj/Ice       12%        3d5       45%         4
 Leda's Liquefaction      Hex/Erth       1%         N/A       86%         4


Dungeon Overview and Level Annotations

Branches:
Dungeon (4/15)
 Temple: D:4-7

Altars:
Okawaru
Zin

Shops:
D:3 *

Annotations:
D:2 Sigmund
D:3 1 runed translucent door, Crazy Yiuf


Innate Abilities, Weirdness & Mutations

Your serpentine skin is tough. (AC +1)
You have supernaturally acute eyesight. (SInv)
Armour fits poorly on your strangely shaped body.
Your system is resistant to poisons. (rPois)
You cover ground very slowly.
You can spit poison.
You have a snake-like lower body.


Message History

Okay, then.
Throw: 13 darts (poison)
Press: ? - help, Q - select action, (/) - cycle Shift-Dir - straight line, f - ogre
Aim: an ogre, wielding a +0 giant club (71% to hit)
You throw a poisoned dart. The poisoned dart hits the ogre.
The ogre is poisoned.
Press: ? - help, Shift-Dir - straight line, f/p - ogre
Aim: an ogre, wielding a +0 giant club (lightly wounded, poisoned)
The splash of poison hits the ogre.
The ogre looks even sicker.
The ogre is lightly wounded.
Throw: 12 darts (poison)
Press: ? - help, Q - select action, (/) - cycle Shift-Dir - straight line, f/p - ogre
Aim: an ogre, wielding a +0 giant club (moderately wounded, very poisoned, 71% to hit)
You throw a poisoned dart. The poisoned dart hits the ogre.
The ogre is moderately wounded.
Throw: 11 darts (poison)
Press: ? - help, Q - select action, (/) - cycle Shift-Dir - straight line, f/p - ogre
Aim: an ogre, wielding a +0 giant club (moderately wounded, very poisoned, 71% to hit)
You throw a poisoned dart.
The poisoned dart barely misses the ogre.
Throw: 10 darts (poison)
Press: ? - help, Q - select action, (/) - cycle Shift-Dir - straight line, f/p - ogre
Aim: an ogre, wielding a +0 giant club (moderately wounded, very poisoned, 71% to hit)
You throw a poisoned dart. The poisoned dart hits the ogre.
The ogre looks even sicker.
The ogre is moderately wounded.
Casting: Freeze (safe; 1% risk of failure)
Confirm with . or Enter, or press ? or * to list all spells.
Aiming: Freeze (safe; 1% risk of failure)
Press: ? - help, Shift-Dir - straight line, f/p - ogre
Aim: an ogre, wielding a +0 giant club (moderately wounded, very poisoned)
You freeze the ogre.
The ogre is moderately wounded.
The ogre hits you with a +0 giant club!!
Ouch! That really hurt!
You have got your breath back.
The ogre hits you with a +0 giant club!
* * * LOW HITPOINT WARNING * * *
The ogre hits you with a +0 giant club!
You die...

#.###g .o###....
..o.....#### ...........##
#########
###8#.#.##..######.......#
# #.###..............# #.#
########......<# #..
##....####### ##.. #.@####
#. #O## #.####.# #......#
##..#### y #..# # #.)#
...(# #..##..


You could see an ogre (poisoned).

Vanquished Creatures
  A centaur skeleton (D:3)
  Ijyb (D:3)
  Terence (D:3)
  A hound skeleton (D:4)
  A howler monkey skeleton (D:4)
  An adder (D:3)
  A worm (D:2)
  4 bats
  7 endoplasms
  6 giant cockroaches
  3 hobgoblins
  8 jackals
  4 kobolds
  4 quokkas
  3 ball pythons
  A frilled lizard (D:3)
  5 goblins
  4 rats
56 creatures vanquished.

Notes
Turn   | Place    | Note
-------+----------+-------------------------------------------
     0 | D:1      | rabbitsville the Naga Ice Elementalist began the quest for
                  | the Orb.
     0 | D:1      | Reached XP level 1. HP: 15/15 MP: 3/3
   249 | D:1      | Reached XP level 2. HP: 13/22 MP: 1/5
   598 | D:1      | Noticed a golden eye
   600 | D:1      | Found a faded altar of an unknown god.
   601 | D:1      | Noticed an eye of devastation
   601 | D:1      | Noticed a floating eye
   601 | D:1      | Noticed a golden eye
  1297 | D:2      | Noticed Sigmund
  1559 | D:2      | Reached XP level 3. HP: 28/28 MP: 6/6
  2368 | D:3      | Found Zin's Purification Station.
  2372 | D:3      | Found a glowing silver altar of Zin.
  2471 | D:3      | Reached XP level 4. HP: 19/36 MP: 2/7
  2667 | D:3      | Reached skill level 5 in Ice Magic
  2980 | D:3      | Found an iron altar of Okawaru.
  3124 | D:3      | Noticed Ijyb
  3188 | D:3      | Noticed Terence
  3198 | D:3      | Killed Ijyb
  3296 | D:3      | Killed Terence
  3297 | D:3      | Reached XP level 5. HP: 37/42 MP: 7/9
  3810 | D:3      | Found a runed translucent door.
  3811 | D:3      | Noticed Crazy Yiuf
  4200 | D:4      | Noticed an ogre
  4213 | D:4      | Mangled by an ogre

Illustrated notes

Levels and vault maps discovered:
D:1:      nicolae_arrival_somewhat_less_tricky_arrival, layout_rooms,
          hellmonk_ecumenical_altar_watching_god
D:2:      layout_loops_ring, minmay_liquid_box, roderic_lattice_a, minivault_23,
          minmay_misc_feat_enclosed, hex_tiny, corexii_corridor_pit,
          columned_hall_lemuel, minivault_14, uniq_sigmund
D:3:      layout_basic, nicolae_overflow_hidden_temple, zin_purify,
          serial_park_tiny_pond, uniq_terence, uniq_ijyb,
          uniq_crazy_yiuf_cottage
D:4:      layout_rooms, serial_corexii_hall, corexii_hall_statues_l,
          chequers_hall_statues_y, chequers_hall_statues_wall_a, serial_shops,
          nicolae_stop_n_shop_2

Skill      XL: |  1  2  3  4 |
---------------+-------------+-----
Ice Magic      | 5 |  5.7
Spellcasting   | 3 |  3.2
Dodging        | |  1.5
Stealth        | |  3.8

Action                   |  1- 3 |  4- 6 || total
-------------------------+-------+-------++-------
Melee: Unarmed           |     5 |       ||     5
       Dagger            |    25 |       ||    25
       Battleaxe         |    22 |    31 ||    53
Throw: Stone             |    24 |     4 ||    28
       Dart              |    12 |    24 ||    36
 Cast: Freeze            |    22 |    21 ||    43
 Abil: Spit Poison       |    15 |    16 ||    31
  Use: Potion            |       |     2 ||     2
 Stab: Sleeping          |       |     1 ||     1
Armor: Robe              |    43 |    15 ||    58
Dodge: Dodged            |    62 |    61 ||   123

Table legend: (Time is in decaauts)
 A = Elapsed time spent in this place.
 B = Non-inter-level travel time spent in this place.
 C = Inter-level travel time spent in this place.
 D = Time resting spent in this place.
 E = Time spent auto-exploring this place.
 F = Levels seen in this place.
 G = Mean time per level.
                   A        B        C        D        E       F      G
               +--------+--------+--------+--------+--------+-----+--------+
         Total |   5277 |   4877 |    400 |   1228 |    192 |   4 | 1319.2 |
       Dungeon |   5277 |   4877 |    400 |   1228 |    192 |   4 | 1319.2 |
               +--------+--------+--------+--------+--------+-----+--------+

Top non-repeatable levels by time:
     D:3: 1806 daAuts
     D:2: 1747 daAuts
     D:1: 1478 daAuts
     D:4: 244 daAuts
